 Dungeon Crawl Stone Soup version 0.18-a0-1160-geb89fc2 (webtiles) character file.

854 dvd the Charlatan (level 7, -6/67 HPs)
             Began as a Deep Dwarf Artificer on Jan 24, 2016.
             Killed from afar by an orc (16 damage)
             ... with a wand of cold
             ... on level 5 of the Dungeon on Jan 25, 2016.
             The game lasted 00:19:37 (3294 turns).

dvd the Charlatan (Deep Dwarf Artificer)            Turns: 3294, Time: 00:19:37

Health: -6/67      AC:  6    Str: 17    XL:     7   Next: 70%
Magic:  10/10      EV: 15    Int: 12    God:
Gold:   304        SH:  0    Dex: 18    Spells: 0 memorised, 6 levels left

rFire  . . .     SeeInvis .     a - +1 short sword
rCold  . . .     Gourm    .     b - +1 leather armour
rNeg   . . .     Faith    .     (no shield)
rPois  .         Spirit   .     t - +1 hat
rElec  .         Dismiss  .     (no cloak)
rCorr  .         Reflect  .     z - +0 pair of gloves
SustAt .         Harm     .     (no boots)
MR     +....                    (no amulet)
Stlth  +++.......               (no ring)
                                j - +5 ring of dexterity

@: non-regenerating, somewhat resistant to hostile enchantments, fairly stealthy
A: damage resistance, recharge devices, fangs 1, low mp 1, sense surroundings 1,
robust 1, slow regeneration 3
a: Device Recharging


You were on level 5 of the Dungeon.
You were not hungry.

You visited 1 branch of the dungeon, and saw 5 of its levels.

You collected 304 gold pieces.

Inventory:

Hand Weapons
 a - a +1 short sword (weapon)
 v - a +0 mace
Missiles
 i - 8 tomahawks (quivered)
Armour
 b - a +1 leather armour (worn)
 o - a +0 ring mail
 t - a +1 hat (worn)
 z - a +0 pair of gloves (worn)
Jewellery
 j - a +5 ring of dexterity (left hand)
Wands
 c - a wand of flame (4/48)
 d - a wand of enslavement (0/24)
 f - a wand of heal wounds (0/9)
 r - a wand of slowing (17/48)
Scrolls
 h - 2 scrolls of teleportation
 l - 2 scrolls of enchant weapon
 n - 3 scrolls of remove curse
 y - 2 scrolls of identify
Potions
 e - a potion of resistance
 s - 2 potions of curing
 u - a potion of agility
 x - a potion of poison {unknown}
 B - a potion of haste
Books
 q - a book of Unlife

   Spells                             Type                      Level
   a - Recall                         Summoning/Translocation      3
   b - Animate Dead                   Necromancy                   4
   c - Control Undead                 Necromancy                   4
   d - Cigotuvi's Embrace             Necromancy                   5
   e - Death Channel                  Necromancy                   6
   f - Simulacrum                     Ice/Necromancy               6
 C - a book of Burglary

   Spells                             Type                      Level
   a - Swiftness                      Charms/Air                   2
   b - Passwall                       Transmutation/Earth          3
   c - Passage of Golubria            Translocation                4
   d - Lee's Rapid Deconstruction     Earth                        5
   e - Darkness                       Hexes                        6
   f - Invisibility                   Hexes                        6
Comestibles
 g - 4 bread rations
 k - a beef jerky
 m - 4 meat rations
 p - 3 fruits
 w - a slice of pizza
 A - a royal jelly


   Skills:
 + Level 2.5 Fighting
 + Level 2.8 Short Blades
 + Level 3.2 Armour
 + Level 5.0 Dodging
 + Level 5.1 Stealth
 + Level 6.4 Evocations


You had 6 spell levels left.
You didn't know any spells.

Dungeon Overview and Level Annotations

Branches:
Dungeon (5/15)
 Temple: D:4-7

Altars:
Dithmenos
Elyvilon
Makhleb
Nemelex Xobeh
Ru
Sif Muna
Trog
Vehumet
Yredelemnul

Shops:
D:5 ?

Annotations:
D:3 Duffy's ghost, amateur FoFi


Innate Abilities, Weirdness & Mutations

You are resistant to damage.
You can recharge devices by infusing magical energy.
You passively map a small area around you.
You do not regenerate naturally.
You have very sharp teeth.
Your magical capacity is low (-10% MP).
You are robust (+10% HP).


Message History

Evoke which item? (* to show all) (? for menu, Esc to quit)
Zapping:
f - a wand of heal wounds (1/9)
Press: ? - help, Shift-Dir - straight line, f - you, p - orc wizard You feel much better.
This wand has 0 charges left.
The orc wizard closely misses you.
Unknown command.
You barely miss the orc wizard.
The orc wizard is lightly wounded.
The orc wizard casts a spell.
The orc wizard blinks!
The orc zaps a wand.
The bolt of cold hits you!
You hit the orc.
You kill the orc!
The orc zaps a wand.
The bolt of cold hits you!
* * * LOW HITPOINT WARNING * * *
Unknown command.
The orc wizard gestures at you while chanting.
The magic dart hits you!
* * * LOW HITPOINT WARNING * * *
You fail to use your ability.
The orc zaps a wand.
The bolt of cold hits you!
You die...

##..# * * #.##.# * ,
..... , * ..##.# *,
##..# , ####.# ###.###
#.....# *, #.###[# *,
#.# #.# , #.###.# , *
* #@.o..# ###)..#
#.### * ###.o.####
#.... , , #........# *
#>...
...................###
...##........##.## * *
.# .......##.# , *
#####...# .#* , #####*
#


You could see an orc wizard and an orc.

Vanquished Creatures
  The ghost of Inquiry the Changer, a novice DsTm (D:5)
  Sigmund (D:2)
  A phantom (D:4)
  An ogre (D:4)
  A hound (D:5)
  An orc wizard (D:4)
  3 worker ants
  4 adders
  A gnoll (D:1)
  An ooze (D:4)
  2 worms (D:2)
  3 giant geckos
  3 orcs
  2 ball pythons
  A giant cockroach (D:2)
  7 goblins
  7 hobgoblins
  6 jackals
  A quokka (D:2)
  6 bats
  A giant gecko zombie (D:5)
  2 giant newts (D:3)
  A kobold (D:1)
  A quokka zombie (D:5)
  5 rats
63 creatures vanquished.

Vanquished Creatures (collateral kills)
  Ijyb (D:2)
  An ooze (D:2)
  An adder skeleton (D:4)
  A giant gecko (D:1)
  A giant cockroach (D:3)
  3 goblins
  A hobgoblin (D:2)
  2 jackals (D:4)
  A kobold (D:1)
  A bat (D:3)
13 creatures vanquished.

Vanquished Creatures (others)
  A hound (D:4)
  A giant gecko (D:2)
  A bat (D:2)
  A hobgoblin (D:1)
  2 kobolds
6 creatures vanquished.

Grand Total: 82 creatures vanquished

Notes
Turn   | Place    | Note
--------------------------------------------------------------
     0 | D:1      | dvd the Deep Dwarf Artificer began the quest for the Orb.
     0 | D:1      | Reached XP level 1. HP: 16/16 MP: 3/3
   212 | D:1      | Reached XP level 2. HP: 15/24 MP: 5/5
   230 | D:1      | Reached skill level 5 in Evocations
   433 | D:1      | Reached skill level 1 in Fighting
   635 | D:2      | Reached XP level 3. HP: 14/31 MP: 6/6
   759 | D:2      | Found a white marble altar of Elyvilon.
   870 | D:2      | Noticed Sigmund
   884 | D:2      | Killed Sigmund
   884 | D:2      | Reached skill level 1 in Short Blades
   884 | D:2      | Reached skill level 1 in Armour
   884 | D:2      | Reached XP level 4. HP: 38/38 MP: 6/8
   884 | D:2      | Reached XP level 5. HP: 44/44 MP: 6/9
  1052 | D:2      | Noticed Ijyb
  1064 | D:2      | Killed Ijyb
  1494 | D:3      | Found a burning altar of Makhleb.
  1650 | D:3      | Noticed Duffy's ghost (amateur FoFi)
  2185 | D:4      | Reached XP level 6. HP: 44/51 MP: 10/10
  2221 | D:4      | Reached skill level 6 in Evocations
  2233 | D:4      | Found a radiant altar of Vehumet.
  2364 | D:4      | Found a sacrificial altar of Ru.
  2424 | D:4      | Gained mutation: You have very sharp teeth. [potion of mutation]
  2424 | D:4      | Gained mutation: You are robust (+10% HP). [potion of mutation]
  2424 | D:4      | Gained mutation: Your magical capacity is low (-10% MP). [potion of mutation]
  2609 | D:4      | Reached XP level 7. HP: 28/66 MP: 10/10
  2726 | D:5      | Entered Level 5 of the Dungeon
  2834 | D:5      | Found Mumir's Magic Scroll Shoppe.
  2853 | D:5      | Found a basalt altar of Yredelemnul.
  2930 | D:5      | Found a sparkling altar of Nemelex Xobeh.
  2931 | D:5      | Noticed Inquiry's ghost (novice DsTm)
  2974 | D:5      | Killed Inquiry's ghost
  2974 | D:5      | Reached skill level 5 in Stealth
  3079 | D:5      | Found a deep blue altar of Sif Muna.
  3079 | D:5      | Found a shadowy altar of Dithmenos.
  3080 | D:5      | Found a bloodstained altar of Trog.
  3125 | D:5      | Reached skill level 5 in Dodging
  3294 | D:5      | Killed from afar by an orc

Vault maps used:
D:1:      dpeg_arrival_chase, hex_intersection
D:2:      elyvilon_altar_4, first_bread, hangedman_decor_clover_reticule,
          uniq_iyjb, uniq_sigmund
D:3:      grunt_ministairs_7, bloody_makhleb
D:4:      fiery_altar_vehumet, nicolae_ru_great_annihilating_truth
D:5:      lemuel_round_altar, old_standard_altar,
          gammafunk_temple_overflow_claw, serial_shops, shop

Action                   |  1- 3 |  4- 6 |  7- 9 || total
-------------------------+-------+-------+-------++-------
Melee: Short sword       |    62 |   145 |    82 ||   289
Evoke: Wand              |    20 |    25 |    10 ||    55
  Use: Scroll            |       |    11 |     1 ||    12
       Potion            |       |     7 |     3 ||    10
 Stab: Paralysed         |     8 |     1 |       ||     9
       Sleeping          |       |     5 |       ||     5
       Distracted        |       |     1 |       ||     1
       Invisible         |       |     1 |       ||     1
  Eat: Chunk             |       |     6 |     2 ||     8
